 Dungeon Crawl Stone Soup version 0.17.0-28-g6e173f8 (webtiles) character file.

44 dohliylev the Sneak (level 3, -2/18 HPs)
             Began as a Vine Stalker Assassin on Dec 1, 2015.
             Killed by nerve-wracking pain
             ... invoked by Jessica
              (11 damage)
             ... on level 2 of the Dungeon.
             The game lasted 00:03:13 (1009 turns).

dohliylev the Sneak (Vine Stalker Assassin)         Turns: 1009, Time: 00:03:13

Health: -2/18      AC:  3    Str: 13    XL:     3   Next: 60%
Magic:  0/4        EV: 11    Int: 11    God:
Gold:   39         SH:  0    Dex: 16    Spells: 0 memorised, 2 levels left

rFire  . . .     SeeInvis .     a - +2 dagger
rCold  . . .     Clarity  .     c - +0 robe
rNeg   . . .     SustAt   .     (no shield)
rPois  .         Gourm    .     (no helmet)
rElec  .         Spirit   +     d - +0 cloak
rCorr  .         Warding  .     (no gloves)
rMut   .         Stasis   .     (no boots)
MR     .....                    (no amulet)
Stlth  +++.......               (no ring)
                                (no ring)

@: lethally poisoned (-2 -> -7), not resistant to hostile enchantments, fairly
stealthy
A: fangs 2, regeneration 1, magic shield, antimagic bite, no device heal 3, rot
immunity
a: no special abilities


You were on level 2 of the Dungeon.
You were not hungry.

You visited 1 branch of the dungeon, and saw 2 of its levels.

You collected 39 gold pieces.

Inventory:

Hand Weapons
 a - a +2 dagger (weapon)
 b - a +0 blowgun
Missiles
 e - 23 poisoned needles
 f - 2 curare-tipped needles
Armour
 c - a +0 robe (worn)
 d - a +0 cloak (worn)
Scrolls
 h - a scroll of recharging {unknown}
 i - a scroll of identify {unknown}
 j - a scroll of teleportation {unknown}
 k - a scroll of random uselessness {unknown}
 m - a scroll of enchant armour {unknown}
Potions
 l - a potion of resistance {unknown}
 o - a potion of cancellation {unknown}
Comestibles
 g - a bread ration
 n - a slice of pizza


   Skills:
 + Level 1.9 Fighting
 + Level 1.8 Short Blades
 + Level 1.7 Throwing
 + Level 0.7 Dodging
 * Level 6.4 Stealth


You had 2 spell levels left.
You didn't know any spells.

Dungeon Overview and Level Annotations

Branches:
Dungeon (2/15)

Altars:

Annotations:
D:2 Jessica


Innate Abilities, Weirdness & Mutations

You have extremely sharp teeth.
Your natural rate of healing is unusually fast.
When hurt, damage is shared between your health and your magic reserves.
Your bite disrupts and absorbs the magic of your enemies.
Potions and wands cannot restore your health.
You are immune to rotting.


Message History

The adder is moderately wounded.
The adder barely misses you. Jessica closely misses you.
The adder bites you but does no damage.
You hit the adder. You bite the adder, but do no damage.
The adder is severely wounded.
Jessica casts a spell at you.
You barely resist. The adder barely misses you. The adder bites you.
You are poisoned.
The adder poisons you!
You feel sick. Jessica hits you but does no damage.
You are more poisoned.
You feel sick.
Jessica gestures wildly while chanting.
Jessica seems to speed up.
You feel sick. The adder bites you.
You feel sick. Jessica casts a spell at you. Pain shoots through your body!
Ouch! That really hurt!
You die...

###### #....# #....######
+.....((..# #...)####.##
#############....####..#
#.....SS.@.......#.....##
.........@........##......##
###...............##......#.
#...............##......#.
#...............##......#.
#...............##......#.
##........########........
#........# #.....#..
#######..


You could see 2 adders and Jessica.

Vanquished Creatures
  2 adders (D:2)
  An ooze (D:1)
  2 goblins (D:1)
  6 hobgoblins (D:1)
  A bat (D:1)
  3 giant cockroaches (D:1)
  4 kobolds
  2 rats
21 creatures vanquished.

Notes
Turn   | Place    | Note
--------------------------------------------------------------
     0 | D:1      | dohliylev the Vine Stalker Assassin began the quest for the Orb.
     0 | D:1      | Reached XP level 1. HP: 11/11 MP: 2/2
   140 | D:1      | Reached skill level 5 in Stealth
   190 | D:1      | Reached XP level 2. HP: 15/15 MP: 3/3
   838 | D:1      | Reached skill level 6 in Stealth
   883 | D:2      | Reached XP level 3. HP: 16/18 MP: 4/4
   973 | D:2      | Noticed Jessica
  1009 | D:2      | Killed from afar by Jessica

Action                   || total
-------------------------++-------
Melee: Dagger            ||    51
 Fire: Blowgun           ||     2
 Stab: Sleeping          ||     8
